 Dungeon Crawl Stone Soup version 0.28.0-1-gb440e238dd (console) character file.

Game seed: 9611894138876233517

230749 RepoMan the Wrestler (level 18, -2/223 (232) HPs)
             Began as a Demonspawn Berserker on Feb 24, 2022.
             Was a High Priest of Trog.
             Killed from afar by a servant of whispers (30 damage)
             ... with a bolt of lightning
             ... in the Desolation of Salt on Feb 26, 2022.
             The game lasted 06:20:11 (45319 turns).

RepoMan the Wrestler (Demonspawn Berserker)        Turns: 45319, Time: 06:20:11

HP:   -2/223 (232)  AC: 23    Str: 20    XL:     18   Next: 34%
MP:   18/18         EV: 14    Int:  9    God:    Trog [*****.]
Gold: 1574          SH:  0    Dex: 18    Spells: 17/17 levels left

rFire   . . .      SeeInvis .     - Unarmed
rCold   . . .      Faith    .   (no shield)
rNeg    . . .      Spirit   .   e - +3 plate armour {Will+}
rPois   +          Reflect  .   Q - +2 hat {Will+}
rElec   .          Harm     .   H - +0 cloak
rCorr   .          Rampage  .   (no gloves)
Will    +++++                   J - +0 pair of boots
Stlth   ..........              M - amulet of regeneration
HPRegen 2.27/turn               u - +4 ring of evasion
MPRegen 0.16/turn               a - ring of poison resistance

@: berserking, strong-willed, regenerating, lightly drained, very quick
A: foul stench 3, spiny 3, sharp scales 1, demonic touch 2
}: 2/15 runes: decaying, gossamer
a: Renounce Religion, Berserk, Trog's Hand, Brothers in Arms


You were in the Desolation of Salt.
You worshipped Trog.
Trog was extremely pleased with you.
You visited 7 branches of the dungeon, and saw 33 of its levels.
You also visited: Ossuary and Desolation.

You collected 2715 gold pieces.
You spent 1141 gold pieces at shops.

Inventory:

Hand Weapons
 x - a +3 broad axe
 L - a +2 vorpal executioner's axe
 U - a +4 antimagic battleaxe
Missiles
 B - 5 curare-tipped darts
 E - 2 datura-tipped darts
 G - 3 throwing nets
 X - 5 javelins (quivered)
Armour
 e - a +3 plate armour of willpower (worn)
 o - +0 swamp dragon scales
 H - a +0 cloak (worn)
 I - +0 acid dragon scales
 J - a +0 pair of boots (worn)
 Q - a +2 hat of willpower (worn)
 W - a +1 plate armour of cold resistance
Jewellery
 a - a ring of poison resistance (right hand)
 b - a ring of protection from fire
 t - a ring of willpower
 u - a +4 ring of evasion (left hand)
 w - a ring of positive energy
 M - an amulet of regeneration (around neck)
Wands
 k - a wand of digging (19)
 C - a wand of flame (20)
 Y - a wand of mindburst (1)
Scrolls
 f - a scroll of summoning
 i - 4 scrolls of immolation
 m - 4 scrolls of vulnerability
 q - 3 scrolls of identify
 r - 3 scrolls of enchant weapon
 y - 3 scrolls of blinking
 A - 3 scrolls of fog
 K - 13 scrolls of teleportation
 N - 3 scrolls of enchant armour
 P - a scroll of silence
 S - 4 scrolls of magic mapping
 T - 2 scrolls of fear
Potions
 c - 2 potions of invisibility
 d - 2 potions of lignification
 g - 8 potions of attraction
 j - 8 potions of curing
 l - 2 potions of might
 n - 5 potions of mutation
 p - 6 potions of haste
 s - a potion of flight
 v - 2 potions of cancellation
 z - 4 potions of ambrosia
 D - 4 potions of heal wounds
 F - 2 potions of berserk rage
 O - 3 potions of magic
Miscellaneous
 h - a condenser vane
 V - a box of beasts


   Skills:
 * Level 17.2 Fighting
 - Level 4.0 Axes
 - Level 6.0 Throwing
 + Level 10.2 Armour
 + Level 8.8 Dodging
 * Level 21.2 Unarmed Combat
 + Level 9.6 Evocations


You had 17 spell levels left.
You didn't know any spells.
Your spell library was empty.

Dungeon Overview and Level Annotations

Branches:
Dungeon (15/15)            Temple (1/1) D:6            Lair (6/6) D:11
  Swamp (4/4) Lair:4       Spider (4/4) Lair:4        Slime (0/5) Lair:6
    Orc (2/2) D:10            Elf (1/3) Orc:2        Vaults (0/5) D:14
 Depths (0/4) D:15        Ossuary (visited)         Desolation (1/1)

Altars:
Cheibriados
Elyvilon
Gozag
Hepliaklqana
Kikubaaqudgha
Nemelex Xobeh
Qazlal
Ru
Vehumet
Xom
Zin
Beogh
Jiyva

Shops:
D:2 !   D:9 *   D:14 [   Orc:2 [=*(

Annotations:
D:5 3 runed translucent doors, fly's ghost, weakling FoDe
D:7 1 runed translucent door, Crazy Yiuf; Harold
D:14 2 transporters, Laowois's ghost, journeyman MiBe Desolation exclusion: upstairs


Innate Abilities, Weirdness & Mutations

You frequently emit foul miasma when damaged in melee.
You are completely covered in sharp spines.
You are partially covered in razor-sharp scales. (AC +1, Slay +1)
Your touch may inflict irresistible damage on your foes.


Message History

You destroy the saltling!
Trog accepts your kill.
The saltling hits you but does no damage.
A molten gargoyle comes into view. It is wielding a +0 mace.
The servant of whispers hits you but does no damage.
The peacekeeper roars a battlecry!
The golems go into a battle-frenzy!
Unknown command.
Press: ? - help, v - describe, . - travel
Here: a servant of whispers, wielding a +0 spear and wearing a +0 robe (stilling the winds)
The floor.
Unknown command.
Unknown command.
You hit the war gargoyle.
The war gargoyle is moderately damaged.
You punch the war gargoyle!
The war gargoyle is heavily damaged.
A servant of whispers comes into view. It is wielding a +0 spear.
The saltling barely misses you. The war gargoyle barely misses you.
Press: ? - help, v - describe, . - travel
Here: a war gargoyle, wielding a +0 morningstar (heavily damaged, strong)
The floor, spattered with blood.
Unknown command.
Unknown command.
You hit the war gargoyle but do no damage.
The war gargoyle is heavily damaged.
The peacekeeper bites you!
* * * LOW HITPOINT WARNING * * *
The peacekeeper barely misses you.
You hit the war gargoyle.
You touch the war gargoyle.
You punch the war gargoyle!
The war gargoyle is almost destroyed.
The war gargoyle launches metal splinters at you.
The spray of metal splinters hits you but does no damage.
The servant of whispers mumbles some strange prayers to its god against you.
The bolt of lightning hits the crystal guardian.
The crystal guardian completely resists.
The bolt of lightning hits the war gargoyle.
The war gargoyle completely resists.
The bolt of lightning hits you!!
You die...

..........▒
▒...............
.........▒▒
▒▒..............
.........▒.....
▒.......▒......
.....▒...▒.....
▒............P♣ .. ......
.... ▒▒.............. ..
... ▒...............
▒..▒▒▒............... .
▒.)▒8.............♣..
....▒..▒@................
..9...S999............ ..
.....9999a.......▒... .
....................
...................
...................
...................
......a..........
.................


You could see 2 servants of whispers, a crystal guardian (strong), a war
gargoyle (strong, catching breath), a peacekeeper, a guardian serpent, a molten
gargoyle and 4 saltlings.

Vanquished Creatures
  the Lernaean hydra (Swamp:4)
  Saint Roka (Orc:2)
  Arachne (Spider:2)
  A thorn hunter (Swamp:4)
  Gastronok (Lair:3)
  Roxanne (Swamp:2)
  2 ghost moths
  9 emperor scorpions
  An imperial myrmidon (Desolation)
  A broodmother (Spider:2)
  A halazid warlock (Desolation)
  2 eleionomae
  5 bunyips
  5 entropy weavers
  A dire elephant (D:15)
  Snorg (Lair:3)
  A fire dragon (Spider:1)
  7 ragged hierophants (Desolation)
  Josephine (Lair:4)
  8 vault guards (D:14)
  2 servants of whispers (Desolation)
  16 boulder beetles
  5 peacekeepers (Desolation)
  Erica (Orc:1)
  26 hydras
  8 alligators
  4 jorogumos
  A ghost crab (Swamp:4)
  3 radroaches
  A centaur warrior (D:15)
  A death knight (D:14)
  2 dancing weapons (Elf:1)
  5 two-headed ogres
  8 death yaks
  A tengu warrior (D:13)
  An orc high priest (Orc:2)
  Sonja (Lair:3)
  2 sun moths
  5 spriggans
  5 pharaoh ants
  2 spriggan druids
  8 goliath frogs
  5 orb spiders
  14 swamp dragons
  8 steelbarb worms
  3 bog bodies
  Pikel (D:8)
  A lindwurm (Lair:6)
  3 deep elf zephyrmancers (Elf:1)
  A phantasmal warrior (D:14)
  5 orc knights
  5 deep elf pyromancers
  9 ugly things
  12 wolf spiders
  An oklob plant (Lair:3)
  3 manticores
  A will-o-the-wisp (Swamp:4)
  A salamander (D:15)
  4 cyclopes
  A moth of wrath (Spider:3)
  3 orc sorcerers
  Maurice (D:8)
  A guardian serpent (Desolation)
  5 black mambas
  A gargoyle (D:12)
  24 cane toads
  9 torpor snails
  3 molten gargoyles
  2 kobold demonologists (D:10)
  An unseen horror (D:11)
  4 rime drakes
  A yaktaur (Spider:2)
  16 demonic crawlers
  2 freezing wraiths (D:14)
  9 komodo dragons
  An efreet (D:15)
  A tengu conjurer (D:13)
  7 tyrant leeches
  A wind drake (Spider:1)
  20 meliai
  6 trolls
  13 tarantellas
  7 hornets
  21 saltlings (Desolation)
  13 blink frogs
  12 jumping spiders
  4 vampires
  16 culicivoras
  8 wyverns
  7 wraiths
  42 yaks
  Grum (D:11)
  4 hogs (Lair:4)
  43 redbacks
  6 basilisks
  24 vampire mosquitoes
  12 swamp worms
  2 acid dragons (D:8)
  6 wargs
  21 water moccasins
  2 hell hounds (Lair:6)
  23 orc warriors
  3 black bears
  3 necrophages
  3 sky beasts
  9 swamp drakes
  6 ogres
  21 wolves
  5 centaurs
  2 lemures (D:8)
  4 kobold brigands
  Blork the orc (D:6)
  An elf zombie (Ossuary)
  24 bullfrogs
  2 gnoll sergeants
  2 wyvern skeletons (D:6)
  3 killer bees (D:10)
  10 howler monkeys
  3 electric eels
  5 lava snakes (D:12)
  7 centaur zombies
  A jelly (D:5)
  15 orc priests
  A gnoll shaman (D:8)
  5 hounds
  A bullfrog skeleton (D:6)
  A centaur skeleton (D:5)
  Jessica (D:2)
  An iguana (D:5)
  Terence (D:2)
  A statue (D:7)
  22 orc wizards
  A killer bee zombie (D:9)
  2 mummies (Ossuary)
  A howler monkey zombie (D:8)
  9 adders
  18 gnolls
  A howler monkey skeleton (D:5)
  8 river rats (D:5)
  A white imp (D:6)
  2 ufetubi
  3 adder zombies
  2 worms
  3 dart slugs
  51 orcs
  4 ball pythons
  A bat (D:1)
  9 endoplasms
  8 giant cockroaches
  4 goblins
  8 hobgoblins
  2 jackals (D:3)
  9 quokkas
  A ball python skeleton (D:2)
  3 frilled lizards
  14 hobgoblin zombies (Ossuary)
  A jackal zombie (Ossuary)
  20 kobolds
  8 kobold zombies (Ossuary)
  7 orc zombies (Ossuary)
  18 rats
  3 rat zombies (Ossuary)
  2 briar patches (Swamp:4)
1030 creatures vanquished.

Vanquished Creatures (collateral kills)
  A thorn hunter (Swamp:4)
  A ghost moth (Spider:2)
  A broodmother (Spider:2)
  A pharaoh ant (Spider:2)
  A wolf spider (Spider:2)
  A will-o-the-wisp (Swamp:4)
  A moth of wrath (Spider:2)
  A demonic crawler (Spider:2)
  2 tarantellas (Spider:2)
  2 redbacks (Spider:2)
12 creatures vanquished.

Vanquished Creatures (others)
  Kirke (Lair:4)
  A hydra (Swamp:4)
  A bloated husk (Swamp:2)
  A troll (Orc:2)
  A saltling (Desolation)
  2 orc warriors (Orc:2)
  A swamp drake (Swamp:4)
  An ogre (Orc:2)
  3 briar patches (Swamp:4)
  8 foxfires (Swamp:4)
  27 fungi
  2 pillars of salt
  101 plants
  A withered plant (Desolation)
151 creatures vanquished.

Grand Total: 1193 creatures vanquished

Notes
Turn   | Place    | Note
-------+----------+-------------------------------------------
     0 | D:1      | RepoMan the Demonspawn Berserker began the quest for the
                  | Orb.
     0 | D:1      | Reached XP level 1. HP: 18/18 MP: 1/1
    39 | D:1      | You fall into a shaft and drop 1 floor!
    53 | D:2      | Found Wees's Distillery.
   395 | D:2      | Gained mutation: You are partially covered in sharp spines.
                  | [demonic ancestry]
   395 | D:2      | Reached XP level 2. HP: 24/24 MP: 2/2
   684 | D:2      | Found a faded altar of an unknown god.
   780 | D:2      | Gained mutation: You may rarely emit foul miasma when
                  | damaged in melee. [demonic ancestry]
   780 | D:2      | Reached XP level 3. HP: 30/30 MP: 3/3
   850 | D:2      | Noticed Terence
   865 | D:2      | Killed Terence
  1740 | D:2      | Gained mutation: You sometimes emit foul miasma when
                  | damaged in melee. [demonic ancestry]
  1740 | D:2      | Reached XP level 4. HP: 38/38 MP: 4/4
  1800 | D:2      | Reached ** piety under Trog
  2073 | D:2      | Noticed Jessica
  2080 | D:2      | Killed Jessica
  2483 | D:3      | Gained mutation: Your touch may inflict minor irresistible
                  | damage on your foes. [demonic ancestry]
  2483 | D:3      | Reached XP level 5. HP: 28/43 MP: 5/5
  2729 | D:3      | Reached skill level 1 in Unarmed Combat
  3192 | D:3      | Found a stormy altar of Qazlal.
  3220 | D:3      | Noticed an ogre
  3234 | D:3      | Killed an ogre
  3235 | D:3      | Reached skill level 3 in Unarmed Combat
  3235 | D:3      | Gained mutation: You are mostly covered in sharp spines.
                  | [demonic ancestry]
  3235 | D:3      | Reached XP level 6. HP: 48/50 MP: 6/6
  3656 | D:4      | Reached skill level 4 in Unarmed Combat
  3732 | D:4      | Reached skill level 5 in Fighting
  3836 | D:4      | Found a hazy altar of Hepliaklqana.
  3836 | D:4      | Found an opulent altar of Gozag.
  3920 | D:4      | Reached XP level 7. HP: 56/56 MP: 7/7
  4245 | D:5      | Entered Level 5 of the Dungeon
  4405 | D:5      | Found a runed translucent gate.
  4405 | D:5      | Found a runed translucent gate.
  4405 | D:5      | Found a runed translucent gate.
  4406 | D:5      | Found an opulent altar of Gozag.
  4407 | D:5      | Noticed a wraith
  4407 | D:5      | Noticed fly's ghost (weakling FoDe)
  4419 | D:5      | Reached skill level 5 in Unarmed Combat
  4494 | D:5      | Found a sacrificial altar of Ru.
  4765 | D:5      | Reached *** piety under Trog
  4970 | D:5      | Reached skill level 6 in Unarmed Combat
  5389 | D:6      | Found a sand-covered staircase.
  5394 | Ossuary  | Entered an ossuary
  5466 | Ossuary  | Reached **** piety under Trog
  5584 | Ossuary  | Reached XP level 8. HP: 60/64 MP: 8/8
  5922 | D:6      | Noticed a two-headed ogre
  5942 | D:6      | Killed a two-headed ogre
  5943 | D:6      | Reached skill level 7 in Unarmed Combat
  6015 | D:6      | Reached skill level 8 in Unarmed Combat
  6096 | D:6      | Gained mutation: You are partially covered in razor-sharp
                  | scales. (AC +1, Slay +1) [demonic ancestry]
  6096 | D:6      | Reached XP level 9. HP: 72/72 MP: 9/9
  6203 | D:6      | Reached ***** piety under Trog
  6246 | D:6      | Noticed Blork the orc
  6252 | D:6      | Killed Blork the orc
  6507 | D:6      | Reached skill level 9 in Unarmed Combat
  6735 | D:6      | Found a staircase to the Ecumenical Temple.
  6744 | Temple   | Entered the Ecumenical Temple
  6887 | D:7      | Found a runed translucent door.
  6888 | D:7      | Noticed Crazy Yiuf
  6888 | D:7      | Noticed Harold
  7401 | D:7      | Found a radiant altar of Vehumet.
  7685 | D:8      | Noticed Maurice
  7698 | D:8      | Killed Maurice
  7699 | D:8      | Reached skill level 10 in Unarmed Combat
  7835 | D:8      | Reached XP level 10. HP: 64/82 MP: 10/10
  8049 | D:8      | Noticed Pikel
  8066 | D:8      | Killed Pikel
  8271 | D:8      | Noticed a two-headed ogre
  8281 | D:8      | Killed a two-headed ogre
  8282 | D:8      | Reached skill level 11 in Unarmed Combat
  8566 | D:9      | Noticed a deep elf pyromancer
  8699 | D:9      | Killed a deep elf pyromancer
  8928 | D:9      | Reached skill level 10 in Fighting
  8938 | D:9      | Reached skill level 12 in Unarmed Combat
  9166 | D:9      | Found Piagoen's General Store.
  9178 | D:9      | Bought a potion of curing for 30 gold pieces
  9303 | D:10     | Entered Level 10 of the Dungeon
  9356 | D:10     | Reached XP level 11. HP: 78/92 MP: 11/11
  9416 | D:10     | Found a shimmering altar of Xom.
  9417 | D:10     | Found an ancient bone altar of Kikubaaqudgha.
  9628 | D:10     | Received a gift from Trog
  9699 | D:10     | Found a sparkling altar of Nemelex Xobeh.
 10427 | D:10     | Noticed a two-headed ogre
 10434 | D:10     | Killed a two-headed ogre
 10686 | D:10     | Reached skill level 13 in Unarmed Combat
 10721 | D:10     | Noticed an orc knight
 10748 | D:10     | Killed an orc knight
 10976 | D:10     | Found a staircase to the Orcish Mines.
 11104 | D:11     | Noticed a death yak
 11115 | D:11     | Killed a death yak
 11148 | D:11     | Found a staircase to the Lair.
 11148 | D:11     | Noticed a death yak
 11173 | D:11     | Noticed a death yak
 11244 | D:11     | Killed a death yak
 11265 | D:11     | Killed a death yak
 11489 | D:11     | Found a snail-covered altar of Cheibriados.
 11574 | D:11     | Noticed a deep elf pyromancer
 11588 | D:11     | Killed a deep elf pyromancer
 11626 | D:11     | Noticed Grum
 11631 | D:11     | Reached skill level 14 in Unarmed Combat
 11634 | D:11     | Killed Grum
 11962 | D:11     | Noticed a six-headed hydra
 11972 | D:11     | Killed a three-headed hydra
 11973 | D:11     | Reached XP level 12. HP: 46/102 MP: 12/12
 12730 | Lair:1   | Entered Level 1 of the Lair of Beasts
 13305 | Lair:1   | Reached skill level 1 in Evocations
 13708 | Lair:2   | Noticed a six-headed hydra
 13860 | Lair:2   | Killed a four-headed hydra
 13861 | Lair:2   | Reached skill level 1 in Throwing
 14564 | Lair:2   | Reached skill level 15 in Unarmed Combat
 14567 | Lair:2   | Received a gift from Trog
 15222 | Lair:3   | Noticed Sonja
 15228 | Lair:3   | Killed Sonja
 15268 | Lair:3   | Noticed Gastronok
 15314 | Lair:3   | Killed Gastronok
 15354 | Lair:3   | Noticed Snorg
 15378 | Lair:3   | Killed Snorg
 15483 | Lair:3   | Reached XP level 13. HP: 105/109 MP: 13/13
 16585 | Lair:4   | Noticed Josephine
 16600 | Lair:4   | Killed Josephine
 16751 | Lair:4   | Found a hole to the Spider Nest.
 16819 | Lair:4   | Noticed Kirke
 16835 | Lair:4   | Killed Kirke
 16964 | Lair:4   | Found a staircase to the Swamp.
 17750 | Lair:5   | Reached skill level 5 in Dodging
 17936 | Lair:5   | Reached skill level 5 in Evocations
 17950 | Lair:5   | Received a gift from Trog
 18355 | Lair:6   | Entered Level 6 of the Lair of Beasts
 18424 | Lair:6   | Reached skill level 16 in Unarmed Combat
 18876 | Lair:6   | Reached skill level 5 in Throwing
 19061 | Lair:6   | Found a viscous altar of Jiyva.
 19061 | Lair:6   | Found a staircase to the Slime Pits.
 19511 | Lair:6   | Reached XP level 14. HP: 115/118 MP: 14/14
 21630 | Orc:1    | Entered Level 1 of the Orcish Mines
 21666 | Orc:1    | Received a gift from Trog
 21914 | Orc:1    | Noticed Erica
 21939 | Orc:1    | Killed Erica
 22194 | Orc:2    | Entered Level 2 of the Orcish Mines
 22528 | Orc:2    | Noticed Saint Roka
 22595 | Orc:2    | Killed Saint Roka
 22596 | Orc:2    | Reached skill level 17 in Unarmed Combat
 23347 | Orc:2    | Found Dyehant's Antique Armour Emporium.
 23374 | Orc:2    | Found Mummua's General Store.
 23382 | Orc:2    | Bought a scroll of identify for 28 gold pieces
 23382 | Orc:2    | Bought a scroll of magic mapping for 49 gold pieces
 23383 | Orc:2    | Bought a scroll of identify for 28 gold pieces
 23383 | Orc:2    | Bought a scroll of teleportation for 42 gold pieces
 23392 | Orc:2    | Found Jomuw's Antique Weapon Emporium.
 23394 | Orc:2    | Found Venuka's Jewellery Emporium.
 23710 | Orc:2    | Found a staircase to the Elven Halls.
 25887 | D:13     | Reached XP level 15. HP: 86/127 MP: 15/15
 26434 | D:14     | Found Roagugoo's Antique Armour Boutique.
 26984 | D:14     | Noticed Laowois's ghost (journeyman MiBe)
 27006 | D:14     | Reached skill level 5 in Armour
 27097 | D:14     | Found a gate to the Vaults.
 27112 | D:14     | Reached skill level 18 in Unarmed Combat
 27608 | D:14     | Found a transporter.
 27609 | D:14     | Identified the +6 rapier of Living Offence {elec, rF-
                  | Will++ Dex+5}
 27610 | D:14     | Found a transporter.
 27683 | D:15     | Entered Level 15 of the Dungeon
 27825 | D:15     | Identified the +11 short sword "Kuatoqy" {vorpal, +Blink
                  | rF- rCorr Int+2}
 28224 | D:15     | Received a gift from Trog
 28412 | D:15     | Found a staircase to the Depths.
 28615 | D:14     | Bought a brightly glowing chain mail for 342 gold pieces
 28615 | D:14     | Identified the +4 chain mail of Patience {rPois Str-5 Int+8
                  | Stlth-} (You bought it in a shop on level 14 of the
                  | Dungeon)
 28615 | D:14     | Bought a distressingly furry chain mail for 342 gold pieces
 28615 | D:14     | Identified the +0 chain mail of Ceeps {Harm} (You bought it
                  | in a shop on level 14 of the Dungeon)
 28798 | Spider:1 | Entered Level 1 of the Spider Nest
 28907 | Spider:1 | You fall into a shaft and drop 1 floor!
 28919 | Spider:2 | Reached skill level 15 in Fighting
 29256 | Spider:2 | Noticed an emperor scorpion
 29263 | Spider:2 | Killed an emperor scorpion
 30536 | Spider:1 | Noticed an emperor scorpion
 30557 | Spider:1 | Killed an emperor scorpion
 31262 | Spider:1 | Gained mutation: Your touch may inflict irresistible damage
                  | on your foes. [demonic ancestry]
 31262 | Spider:1 | Reached XP level 16. HP: 136/136 MP: 16/16
 31563 | Spider:2 | Received a gift from Trog
 31574 | Spider:2 | Noticed Arachne
 32198 | Spider:2 | Reached skill level 19 in Unarmed Combat
 32646 | Spider:2 | Killed Arachne
 35364 | Spider:4 | Entered Level 4 of the Spider Nest
 35498 | Spider:4 | Received a gift from Trog
 37820 | Spider:3 | Reached skill level 20 in Unarmed Combat
 38283 | Spider:3 | Gained mutation: You frequently emit foul miasma when
                  | damaged in melee. [demonic ancestry]
 38283 | Spider:3 | Reached XP level 17. HP: 12/144 MP: 8/17
 38285 | Spider:3 | HP: 10/216 [poisoned by a redback]
 38290 | Spider:3 | HP: 6/144 [poisoned by a redback]
 39024 | D:2      | Bought a potion of haste for 100 gold pieces
 39024 | D:2      | Bought a potion of curing for 30 gold pieces
 39024 | D:2      | Bought a potion of might for 40 gold pieces
 39024 | D:2      | Bought a potion of curing for 30 gold pieces
 39024 | D:2      | Bought a potion of curing for 30 gold pieces
 39024 | D:2      | Bought a potion of heal wounds for 50 gold pieces
 40131 | Spider:4 | Got a gossamer rune of Zot
 40321 | Swamp:1  | Entered Level 1 of the Swamp
 41731 | Swamp:2  | Noticed Roxanne
 41895 | Swamp:2  | Killed Roxanne
 43579 | Swamp:4  | Entered Level 4 of the Swamp
 44015 | Swamp:4  | Noticed the 27-headed Lernaean hydra
 44061 | Swamp:4  | Killed the 27-headed Lernaean hydra
 44171 | Swamp:4  | Gained mutation: You are completely covered in sharp
                  | spines. [demonic ancestry]
 44171 | Swamp:4  | Reached XP level 18. HP: 148/153 MP: 18/18
 44340 | Swamp:4  | Got a decaying rune of Zot
 44664 | Elf:1    | Entered Level 1 of the Elven Halls
 44686 | Elf:1    | Reached skill level 21 in Unarmed Combat
 44728 | Elf:1    | Found a crumbling gateway.
 44776 | Desolati | Entered the Desolation of Salt
 44824 | Desolati | Reached skill level 10 in Armour
 44833 | Desolati | Received a gift from Trog
 45319 | Desolati | Killed from afar by a servant of whispers

Illustrated notes

Levels and vault maps discovered:
D:1:      eino_arrival_druids_welcome, layout_basic
D:2:      minmay_chambers_of_twos, layout_loops_ring, serial_shops, shop,
          hellmonk_ecumenical_altar_defaced_shrine, uniq_terence, uniq_jessica
D:3:      layout_basic, nicolae_qazlal_eye_of_the_storm, st_stairs_6
D:4:      layout_cave_pools, gammafunk_temple_overflow_elements,
          cheibrodos_gnoll_hut
D:5:      lemuel_ratsnest, layout_basic, nicolae_ru_awakened_eye,
          ebering_ghost_gozag
D:6:      hellmonk_ruined_rings, layout_loops_ring,
          minmay_temple_entry_poolview, enter_ossuary_3,
          kennysheep_generic_room_11, uniq_blork_the_orc
D:7:      layout_basic, mainiacjoe_overflow_tiny_flanked, vehumet_statue,
          uniq_crazy_yiuf_cottage, uniq_harold
D:8:      layout_loops_ring, lightli_corner_chamber, uniq_pikel, uniq_maurice
D:9:      layout_rooms, serial_shops, shop
D:10:     layout_roguey, lemuel_crystal_altar,
          mainiacjoe_overflow_six_doors_small, mainiacjoe_overflow_divided_tiny,
          erik_orc_2, billiards_dpeg
D:11:     layout_loops_corners, dpeg_lair_monsters, kennysheep_slug_shrine,
          uniq_grum
D:12:     cheibrodos_magma_flow, layout_basic
D:13:     layout_roguey
D:14:     layout_stronghold, erik_vaults_2, gammafunk_ghost_hive, serial_shops,
          nicolae_square_shop, minmay_misc_feat_columns
D:15:     hangedman_depths_entry_try_elsewhere_first, layout_small_grid,
          patterned_corridor
Temple:   minmay_temple_bridge_abc
Lair:1:   layout_big_grid, grunt_megastairs_1
Lair:2:   layout_chaotic_city
Lair:3:   layout_hall_layers, chequers_serial_rivers_marsh,
          nicolae_lair_run_with_the_wolves, grunt_megastairs_4,
          infiniplex_staircase_pool, uniq_snorg, uniq_gastronok, uniq_sonja
Lair:4:   layout_roguey, minmay_swamp_entry_worms, spider_nest_entry_a,
          uniq_kirke, uniq_josephine
Lair:5:   layout_small_grid
Lair:6:   minmay_lair_end_frog_pond, layout_small_grid, slime_altar_1,
          enter_volcano_3, serial_bayou_shore_b, infiniplex_staircase_pool_2
Swamp:1:  layout_basic_swamp, nicolae_swamp_well_well_well, swamp_pool4,
          st_swamp_ruins_4
Swamp:2:  nicolae_swamp_tree_isthmus, layout_basic_swamp,
          evilmike_swamp_ruin_house_5, swamp_pool2, uniq_roxanne
Swamp:3:  layout_falls_marsh, evilmike_swamp_ruin_wall
Swamp:4:  swamp_old_school, layout_basic_swamp
Spider:1: layout_spider_delve, drop_trap
Spider:2: layout_spider_delve, nicolae_spider_shape, uniq_arachne
Spider:3: layout_cave_pods, einodemon_crawler_minivault,
          hangedman_spider_tarantella_strand
Spider:4: hellmonk_spider_rune_bug_friends
Orc:1:    layout_caves, uniq_erica
Orc:2:    grunt_orc_cross, layout_diamond_mine
Elf:1:    elf_arrival_001, layout_loops_cross, portal_desolation_entry_garden,
          minmay_elf_sorcery, minivault_5, serial_sigils_hangedman_confine,
          evilmike_spriggan_trog_shrine, uniq_frances, uniq_donald
Desolation

Skill      XL: |  1  2  3  4  5  6  7  8  9 10 11 12 13 14 15 16 17 18 |
---------------+-------------------------------------------------------+-----
Fighting       | 4 5 6 7 8 10 11 12 13 14 15 16 17 | 17.2
Axes           | 3 4 |  4.0
Unarmed Combat | 3 4 6 8 10 12 14 15 16 17 18 20 21 | 21.2
Dodging        | 4 5 6 8 |  8.8
Evocations     | 4 6 7 8 9 |  9.6
Throwing       | 3 5 6 |  6.0
Armour         | 4 6 8 9 10 | 10.2

Action                   |  1- 3 |  4- 6 |  7- 9 | 10-12 | 13-15 | 16-18 || total
-------------------------+-------+-------+-------+-------+-------+-------++-------
Melee: Hand axe          |    75 |    55 |       |    85 |     9 |       ||   224
       Punch             |     2 |     4 |    17 |    39 |   144 |   152 ||   358
       Unarmed           |       |    57 |   329 |   403 |  1039 |   964 ||  2792
       Touch             |       |    18 |    85 |   126 |   227 |   213 ||   669
       Scimitar          |       |       |       |       |     3 |       ||     3
       War axe           |       |       |       |       |     3 |       ||     3
Throw: Stone             |       |     2 |       |     1 |    10 |     1 ||    14
       Dart              |       |     1 |     5 |    12 |    13 |    20 ||    51
       Throwing net      |       |       |     1 |       |     2 |     1 ||     4
       Javelin           |       |       |       |       |       |     5 ||     5
Invok: Berserk           |     1 |     3 |     4 |     8 |    17 |    14 ||    47
       Trog's Hand       |       |       |     3 |     4 |    15 |    11 ||    33
       Brothers in Arms  |       |       |       |       |       |     1 ||     1
Evoke: Wand              |       |       |     2 |    19 |    44 |    44 ||   109
       Box of beasts     |       |       |       |       |       |     1 ||     1
       Condenser vane    |       |       |       |       |       |     1 ||     1
  Use: Scroll            |       |       |     8 |     4 |    18 |     6 ||    36
       Potion            |       |       |       |     1 |    10 |    12 ||    23
 Stab: Held in net/web   |       |       |     2 |       |     1 |       ||     3
       Paralysed         |       |       |       |     2 |       |       ||     2
       Confused          |       |       |       |       |       |     2 ||     2
       Invisible         |       |       |       |       |       |     2 ||     2
Armor: Animal skin       |     8 |       |       |       |       |       ||     8
       Ring mail         |    10 |    21 |    59 |       |       |       ||    90
       Acid dragon scale |       |       |       |    91 |    71 |       ||   162
       Skin              |       |       |       |       |     7 |       ||     7
       Plate armour      |       |       |       |       |   249 |   543 ||   792
Dodge: Dodged            |    28 |    34 |   139 |   232 |   452 |   578 ||  1463
